← All builds
Suicide front / Armada / Factory first / OBSERVED BUILD

Standard suicide front

The role's default: factory first (mostly Bot Lab), pushing Rocketeer-led bot play into the middle to contest and hold the front, with an Advanced Metal Extractor around 9:36 as the natural transition.

Usually lab first (63%)

#raid #push · 1291 distinct matches · 127 players · 71% of Armada Suicide front games · team won 59% of 1529 · Recently observed

HOW TO PLAY IT

Key timing: Bot Lab by 0:20

  1. Open with mex and wind, drop Bot Lab immediately.
  2. Push out first "Centurion" as Pond's boost lands.
  3. Send "Rocketeer", "Centurion", "Pawn" mix to contest middle.
  4. Add Dragon's Teeth and Sentries to hold the line.
  5. Get Advanced Metal Extractor up as T2 nears.

Phase by phase

TYPICAL OF ITS 1291 GAMES
  1. 1
  2. 2
  3. 3
PLAY THE OPENING

Follow the example game's first 6:00 step by step: what to build now, what comes next, and where it goes. At 1× it keeps pace with your own game.

  1. 1

    Bot Lab first

    Order
    1. Bot LabBot Lab done ~0:20, middle half 0:20–0:33

    Some games also: mex (36%)

  2. 2

    Bot Lab to 5:00

    Economy
    • Metal Extractor5Mex
    • Wind Turbine4Wind
    Builders
    • Construction Bot3 Con bot
    • Lazarus2 Lazarus
    Army
    • Sentry4 Sentry
    • Rocketeer17 Rocketeer
    • Tick2 Tick
    • Centurion1 Centurion
    Other
    • Radar Tower1 Radar Tower

    Some games also: con turret (35%) · pawn (32%)

    By 5:00 in all: 5 mex · 4 wind

    The example game in this phase · 32 steps
    1. PawnPawn
    2. Mex ×2
    3. PawnPawn
    4. Wind ×2
    5. Construction BotCon bot
    6. SentrySentry
    7. Mex
    8. Construction BotCon bot
    9. CenturionCenturion
    10. Mex
    11. SentrySentry
    12. LazarusLazarus
    13. Construction BotCon bot
    14. RocketeerRocketeer
    15. Mex
    16. RocketeerRocketeer ×3
    17. SentrySentry
    18. RocketeerRocketeer
    19. SentrySentry
    20. RocketeerRocketeer
    21. Radar TowerRadar Tower
    22. RocketeerRocketeer ×2
    23. BeamerBeamer
    24. RocketeerRocketeer
    25. BeamerBeamer
    26. RocketeerRocketeer ×3
    27. OverwatchOverwatch
    28. RocketeerRocketeer ×3
    29. Construction BotCon bot
    30. Wind
    31. RocketeerRocketeer ×2
    32. Wind
  3. 3

    5:00 to 10:00

    Economy
    • Metal Extractor1Mex
    • Wind Turbine17Wind
    Builders
    • Construction Turret2 Con turret
    • Lazarus2 Lazarus
    • Construction Bot1 Con bot
    Army
    • Sentry1 Sentry
    • Rocketeer8 Rocketeer
    • Pawn1 Pawn

    Some games also: tick (47%) · energy storage (46%) · Radar Tower (46%) · centurion (45%) · Beamer (39%)

    By 10:00 in all: 6 mex · 23 wind · 1 energy storage · 3 con turret

    The example game in this phase · 81 steps
    1. RocketeerRocketeer ×2
    2. Wind
    3. RocketeerRocketeer ×2
    4. Wind
    5. TickTick
    6. RocketeerRocketeer
    7. TickTick
    8. Wind
    9. RocketeerRocketeer
    10. TickTick
    11. RocketeerRocketeer
    12. Wind
    13. TickTick
    14. RocketeerRocketeer
    15. SentrySentry
    16. Con turret
    17. TickTick
    18. RocketeerRocketeer
    19. Wind
    20. Energy storage
    21. SentrySentry
    22. Wind ×2
    23. Con turret
    24. Wind
    25. PawnPawn
    26. Wind
    27. PawnPawn
    28. Energy storage
    29. Sneaky PeteSneaky Pete
    30. Wind
    31. Radar TowerRadar Tower
    32. PawnPawn
    33. Wind
    34. PawnPawn
    35. Wind ×2
    36. PawnPawn ×2
    37. Wind ×2
    38. Advanced Metal ExtractorT2 mexdone 9:29 · typical 9:36
    39. PawnPawn
    40. Wind
    41. Twilight
    42. PawnPawn
    43. Wind
    44. PawnPawn
    45. Advanced Metal ExtractorT2 mex
    46. PawnPawn
    47. Wind
    48. BeamerBeamer
    49. PawnPawn
    50. Wind
    51. PawnPawn ×2
    52. Advanced Metal ExtractorT2 mex
    53. Wind
    54. PawnPawn
    55. Con turret
    56. PawnPawn
    57. Wind
    58. PawnPawn
    59. LazarusLazarus
    60. Wind
    61. LazarusLazarus
    62. Advanced Metal ExtractorT2 mex
    63. Wind
    64. PawnPawn
    65. Wind
    66. PawnPawn
    67. Wind
    68. Con turret
    69. RattlesnakeRattlesnakedone 12:32
    70. PawnPawn
    71. Wind ×2
    72. Dragon's TeethDragon's Teeth ×4
    73. Wind
    74. NettleNettle
    75. Wind
    76. RattlesnakeRattlesnake
    77. Wind
    78. Fusion ReactorFusionnot finished by 15:00
    79. Wind
    80. Construction BotCon bot
    81. Wind

Counts are medians over the build's games: half of them build more, half fewer. The example game is PlatinumBlonde's (60 OS, 29/09/2026); pick another.

Team trades

IN AT LEAST 30% OF ITS GAMES

You hand over

Nothing regular.

You get

  • Tidal Generator4 Tidal from Pondfirst at 0:10 · in 69% of games
  • Advanced Construction Bot1 T2 con bot from Geo or Techfirst at 7:30 · in 59% of games

How it plays out

Typical game of this build, running totals by minute

Metal produced

010k20k30k
0:005:0010:0015:00

metal

Enemy metal destroyed

05k10k
0:005:0010:0015:00

metal

Own metal lost

05k10k
0:005:0010:0015:00

metal

1529 games.

Show as table
ByMetal produced: This buildEnemy metal destroyed: This buildOwn metal lost: This build
1:0022600
2:0088800
3:002051180106
4:003161658496
5:00424314131026
6:00543322981789
7:00667031752710
8:00792040313619
9:00931747964495
10:001069954265316
11:001226559036054
12:001411365126830
13:001622270137536
14:001810976968373
15:002046683299249
WHAT THE NUMBERS SAY

Standard suicide front play wins slightly more than half its games with fast kills but also fast losses, matching the raw grind of the role.

  • + First kill lands by 2:04 in all games
  • + Metal produced reaches 19882 by 15:00
  • − Own metal lost hits 9208 by 15:00, near metal destroyed of 8172
  • − First unit lost as early as 2:08 in every game
THE EXAMPLE YOU ARE READING

PlatinumBlonde

59.8 OS · 29/09/2026

Open source match ↗

7 received units · includes a constructor
841 metal received · 80570 energy received

Allied construction assistance is unknown. Timings are observations, not a promise of solo reproducibility.

Typical milestones

Bot Lab0:20Middle 50%: 0:20–0:33 · n=1522
Advanced Metal Extractor9:36Middle 50%: 8:41–10:48 · n=1128

Played most by

_X_253games of this buildPlatinumBlonde181games of this buildXad120games of this buildImmort73games of this buildwatermeloans60games of this build